[Event "ICCopen2016"]
[Site "Internet Chess Club"]
[Date "2016.06.04"]
[Round "1"]
[White "Tova77"]
[Black "Sam08"]
[Result "0-1"]
[ICCResult "White forfeits on time"]
[WhiteElo "1613"]
[BlackElo "2400"]
[Opening "Ruy Lopez: closed defense"]
[ECO "C84"]
[NIC "RL.13"]
[Time "14:02:22"]
[TimeControl "180+0"]

1. e4 e5 2. Nf3 Nc6 3. Bb5 a6 4. Ba4 Nf6 5. O-O Be7 6. d3 b5 7. Bb3 d6 8. c3
Na5 9. Bc2 c5 10. Re1 O-O 11. Nbd2 Re8 12. Nf1 h6 13. Ng3 Be6 14. Nh4 Nxe4
15. dxe4 Bxh4 16. Qh5 Bg5 17. Bxg5 Qxg5 18. Qxg5 hxg5 19. a4 Nc4 20. b3 Nd2
21. axb5 axb5 22. Rxa8 Rxa8 23. Rd1 Nxb3 24. Nf5 Ra2 25. Bxb3 Bxb3 26. Rb1
Bc2 27. Rc1 Bxe4 28. Nxd6 Bd3 29. h3 Kf8 30. Nb7 c4 31. Nd6 Rb2 32. Ra1 Ke7
33. Nb7 b4 34. cxb4 c3 35. Nc5 Rb1+ 36. Rxb1 Bxb1 37. Nb3 Ba2 38. Nc1 Bc4
39. f3 Kd6 40. Kf2 Kd5 41. Ke3 f5 42. g3 f4+ 43. gxf4 gxf4+ 44. Kf2 Kd4
{White forfeits on time}
0-1

[Event "ICCopen2016"]
[Site "Internet Chess Club"]
[Date "2016.06.04"]
[Round "1"]
[White "RussianCowboy"]
[Black "Taechess"]
[Result "1-0"]
[ICCResult "Black checkmated"]
[WhiteElo "2014"]
[BlackElo "1299"]
[Opening "French defense"]
[ECO "C00"]
[NIC "FR.01"]
[Time "14:02:34"]
[TimeControl "180+0"]

1. e4 e6 2. Nf3 d5 3. d3 dxe4 4. dxe4 Nf6 5. Qxd8+ Kxd8 6. Nfd2 Bb4 7. c3
Bc5 8. f3 Nc6 9. Kd1 Ke7 10. Kc2 Rd8 11. Nb3 Bb6 12. a4 a5 13. N1d2 Ne5 14.
Be2 Be3 15. g4 h6 16. h4 Bxd2 17. Bxd2 b6 18. Bf4 Nfd7 19. g5 hxg5 20. hxg5
Ng6 21. Be3 Nde5 22. Nd4 c5 23. Nb5 Bb7 24. Rae1 Bc6 25. Bc1 c4 26. Rd1 Bxb5
27. axb5 Rxd1 28. Rxd1 Rd8 29. Rxd8 Kxd8 30. f4 Nd7 31. Bxc4 Nc5 32. Bd3 Kd7
33. Be3 Kd6 34. Kd2 Nxd3 35. Kxd3 Kc7 36. Kd4 Ne7 37. c4 Kd6 38. Bf2 f6 39.
gxf6 gxf6 40. Bh4 e5+ 41. fxe5+ fxe5+ 42. Kc3 Ng6 43. Bf2 Kc7 44. b4 axb4+
45. Kxb4 Ne7 46. Bg3 Ng6 47. c5 Kb7 48. c6+ Kc7 49. Kc4 Kc8 50. Kd5 Kc7 51.
Bxe5+ Nxe5 52. Kxe5 Kd8 53. Kd6 Kc8 54. e5 Kd8 55. e6 Ke8 56. c7 Kf8 57.
c8=Q+ Kg7 58. Qd7+ Kf6 59. Qf7+ Kg5 60. e7 Kg4 61. Kd5 Kg3 62. Kd4 Kg2 63.
Kd3 Kg1 64. Kd2 Kh1 65. Kd1 Kg2 66. Kc1 Kg1 67. Kc2 Kh1 68. Kb2 Kh2 69. Kb3
Kg2 70. Kb4 Kg1 71. Ka4 Kh1 72. Ka3 Kh2 73. Ka2 Kg2 74. Ka1 Kg1 75. Kb1 Kh1
76. Kc1 Kh2 77. Kd1 Kg2 78. Ke1 Kh2 79. Ke2 Kh3 80. Ke3 Kh4 81. Ke4 Kh3 82.
Ke5 Kh2 83. Ke6 Kh1 84. Kd6 Kh2 85. Kc6 Kh1 86. Kxb6 Kh2 87. Kc6 Kh1 88. Qg6
Kh2 89. Kd5 Kh1 90. Ke5 Kh2 91. Ke4 Kh1 92. Qg4 Kh2 93. Kf4 Kh1 94. Kf5 Kh2
95. Kg5 Kh1 96. Kh5 Kh2 97. Kh6 Kh1 98. Kh7 Kh2 99. Kg7 Kh1 100. Kg8 Kh2
101. Kf8 Kh1 102. b6 Kh2 103. Kf7 Kh1 104. Kf6 Kh2 105. Kf5 Kh1 106. Kf4 Kh2
107. Kf3 Kh1 108. Kf2 Kh2 109. Kf1 Kh1 110. Ke1 Kh2 111. Ke2 Kh1 112. Kd3
Kh2 113. Kd4 Kh1 114. Ke4 Kh2 115. Ke5 Kh1 116. Kd5 Kh2 117. Kd6 Kh1 118.
Kc6 Kh2 119. Kc5 Kh1 120. Kb5 Kh2 121. Ka5 Kh1 122. Ka6 Kh2 123. Ka7 Kh1
124. b7 Kh2 125. Kb6 Kh1 126. Kc6 Kh2 127. Kc5 Kh1 128. Kd5 Kh2 129. Kd4 Kh1
130. Ke4 Kh2 131. Ke3 Kh1 132. Ke2 Kh2 133. Ke1 Kh1 134. Kd1 Kh2 135. Kc1
Kh1 136. Kc2 Kh2 137. Kb1 Kh1 138. Kb2 Kh2 139. Ka1 Kh1 140. Ka2 Kh2 141.
Ka3 Kh1 142. Ka4 Kh2 143. Ka5 Kh1 144. Kb5 Kh2 145. Kb6 Kh1 146. Kc6 Kh2
147. Kd6 Kh1 148. e8=Q Kh2 149. Qeh5# {Black checkmated} 1-0

[Event "ICCopen2016"]
[Site "Internet Chess Club"]
[Date "2016.06.04"]
[Round "1"]
[White "motipen"]
[Black "BlitzorDDD"]
[Result "0-1"]
[ICCResult "White resigns"]
[WhiteElo "1904"]
[BlackElo "2984"]
[Opening "QGD semi-Slav"]
[ECO "D43"]
[NIC "SL.03"]
[Time "14:03:09"]
[TimeControl "180+0"]

1. d4 d5 2. c4 c6 3. Nf3 Nf6 4. Nc3 e6 5. cxd5 exd5 6. Bg5 h6 7. Bh4 Bf5 8.
e3 g5 9. Bg3 Qb6 10. Qc1 Nbd7 11. Be2 Ne4 12. O-O Nxg3 13. hxg3 Bd6 14. b3
Qd8 15. Qd2 Nf6 16. Bd3 Bxd3 17. Qxd3 Qe7 18. e4 dxe4 19. Nxe4 Nxe4 20. Rfe1
f5 21. g4 Bb4 22. Re2 O-O-O 23. gxf5 Rhe8 24. a3 Ba5 25. b4 g4 26. Nd2 Nxf2
27. Kxf2 Qh4+ 28. Kg1 Rxe2 29. Qxe2 Bb6 30. Qe6+ Kb8 31. Qe5+ Ka8 32. g3
Bxd4+ 33. Qxd4 Qxg3+ 34. Kf1 Rxd4 {White resigns} 0-1

[Event "ICCopen2016"]
[Site "Internet Chess Club"]
[Date "2016.06.04"]
[Round "1"]
[White "Visam"]
[Black "bythebook"]
[Result "1-0"]
[ICCResult "Black forfeits on time"]
[WhiteElo "2811"]
[BlackElo "1797"]
[Opening "King's Indian: orthodox, Aronin-Taimanov, bayonet attack"]
[ECO "E97"]
[NIC "KI.05"]
[Time "14:03:12"]
[TimeControl "180+0"]

1. d4 Nf6 2. c4 g6 3. Nc3 Bg7 4. e4 d6 5. Be2 O-O 6. Nf3 e5 7. O-O Nc6 8. d5
Ne7 9. b4 Nh5 10. Re1 Nf4 11. Bf1 f5 12. Bxf4 exf4 13. e5 dxe5 14. Nxe5 g5
15. Qh5 Ng6 16. Nxg6 hxg6 17. Qxg6 Bd7 18. Rac1 Qf6 19. Qxf6 Bxf6 20. c5 c6
21. Bc4 Kg7 22. Red1 Rad8 23. d6 Rfe8 24. a4 Re5 25. a5 a6 26. Na4 Re4 27.
Nb6 Be8 28. Bd3 Rxb4 29. Bxf5 Rb5 30. Bc8 {Black forfeits on time} 1-0

[Event "ICCopen2016"]
[Site "Internet Chess Club"]
[Date "2016.06.04"]
[Round "1"]
[White "Deverill"]
[Black "relentlessone90"]
[Result "0-1"]
[ICCResult "White forfeits on time"]
[WhiteElo "1239"]
[BlackElo "1972"]
[Opening "Philidor: Improved Hanham variation"]
[ECO "B07"]
[NIC "PU.08"]
[Time "14:02:43"]
[TimeControl "180+0"]

1. e4 d6 2. d4 Nf6 3. Nc3 e5 4. Nf3 Nbd7 5. Be2 Be7 6. O-O O-O 7. Bg5 c6 8.
a4 Qc7 9. d5 cxd5 10. Bxf6 Nxf6 11. Nxd5 Nxd5 12. exd5 f5 13. c4 Bf6 14. Rc1
e4 15. Nd4 Qb6 16. Ne6 Re8 17. b3 Bxe6 18. dxe6 Rxe6 19. c5 dxc5 20. Bc4 Bd4
21. Bxe6+ Qxe6 22. Qe2 b6 23. b4 Qe5 24. b5 h6 25. g3 e3 26. f4 Qe4 27. Rf3
Rd8 28. Rc4 Qe6 29. Kg2 Kh7 30. Kh3 Kg6 31. Kh4 Qf6+ 32. Kh3 Qe6 33. Kg2 Kf6
34. Kg1 Rd7 35. Kg2 g5 36. fxg5+ hxg5 37. g4 f4 38. h3 Rh7 39. Kh2 Qe4 40.
Kg2 Rd7 41. Kh2 Qb1 42. Kg2 Qb2 43. Qxb2 Bxb2 44. Kf1 Rd2
{White forfeits on time}
0-1

[Event "ICCopen2016"]
[Site "Internet Chess Club"]
[Date "2016.06.04"]
[Round "1"]
[White "PauldeRome"]
[Black "CrossShark"]
[Result "0-1"]
[ICCResult "White checkmated"]
[WhiteElo "1758"]
[BlackElo "2605"]
[Opening "French: advance, Milner-Barry gambit"]
[ECO "C02"]
[NIC "FR.03"]
[Time "14:02:12"]
[TimeControl "180+0"]

1. e4 e6 2. d4 d5 3. e5 c5 4. c3 Nc6 5. Nf3 Qb6 6. Bd3 Nh6 7. O-O cxd4 8.
cxd4 Nf5 9. Bxf5 exf5 10. Nc3 Be6 11. a3 Be7 12. b4 O-O 13. Bb2 h6 14. Na4
Qd8 15. Nc5 b6 16. Nxe6 fxe6 17. Rc1 Qe8 18. Ne1 a5 19. b5 Nd8 20. a4 f4 21.
f3 Nf7 22. Nd3 Ng5 23. Qc2 Qg6 24. Ne1 Rf5 25. Qc6 Rb8 26. Qc7 Qe8 27. Nd3
Rf8 28. Qa7 Qg6 29. Ne1 Bb4 30. Bc3 Ba3 31. Ra1 Qe8 32. Rxa3 Rf7 33. Qa6 Qd8
34. Bd2 Ra8 35. Rc3 Rxa6 36. bxa6 Qa8 37. Nd3 Qxa6 38. Rfc1 Rf8 39. Nf2 Qe2
40. R3c2 Qa6 41. Ng4 h5 42. Nf2 b5 43. Nd1 b4 44. Nb2 Qe2 45. Bxb4 Qe3+ 46.
Kh1 axb4 47. Rc7 Nxf3 48. a5 Ne1 49. h3 Qf2 50. Kh2 Qxg2# {White checkmated}
0-1

[Event "ICCopen2016"]
[Site "Internet Chess Club"]
[Date "2016.06.04"]
[Round "1"]
[White "pawelwaw"]
[Black "Werewolf"]
[Result "0-1"]
[ICCResult "White forfeits on time"]
[WhiteElo "1534"]
[BlackElo "2218"]
[Opening "Ruy Lopez: closed (10...c5)"]
[ECO "C96"]
[NIC "RL.23"]
[Time "14:02:59"]
[TimeControl "180+0"]

1. e4 e5 2. Nf3 Nc6 3. Bb5 a6 4. Ba4 Nf6 5. O-O b5 6. Bb3 Be7 7. Re1 O-O 8.
h3 d6 9. c3 Na5 10. Bc2 c5 11. d4 cxd4 12. cxd4 Qc7 13. Nc3 Bd7 14. a4 b4
15. Nd5 Nxd5 16. exd5 Bf6 17. Bg5 Qd8 18. Bxf6 Qxf6 19. dxe5 dxe5 20. Nxe5
Bf5 {White forfeits on time} 0-1

[Event "ICCopen2016"]
[Site "Internet Chess Club"]
[Date "2016.06.04"]
[Round "1"]
[White "Peretyatko"]
[Black "SeniorNapa"]
[Result "1-0"]
[ICCResult "Black resigns"]
[WhiteElo "2768"]
[BlackElo "1789"]
[Opening "Mieses opening"]
[ECO "A00"]
[NIC "VO.13"]
[Time "14:05:03"]
[TimeControl "180+0"]

1. d3 d5 2. g3 e5 3. e4 dxe4 4. dxe4 Qxd1+ 5. Kxd1 Nf6 6. f3 Nc6 7. Be3 Be6
8. Nd2 O-O-O 9. Bh3 Bb4 10. c3 Ba5 11. Bxe6+ fxe6 12. Ke2 Bb6 13. Nh3 h6 14.
Nf2 Rd7 15. Nc4 Bxe3 16. Nxe3 Rhd8 17. Rad1 Rxd1 18. Nexd1 Kd7 19. Ne3 Ke7
20. Nd3 b6 21. b4 g5 22. b5 Na5 23. Nxe5 Rd6 24. h4 Nh5 25. Nf1 Kf6 26. Ng4+
Kg6 27. hxg5 hxg5 28. Ne5+ Kf6 29. Rxh5 Kxe5 30. Rxg5+ Kf6 31. f4 Nc4 32.
e5+ Nxe5 33. Rxe5 {Black resigns} 1-0

[Event "ICCopen2016"]
[Site "Internet Chess Club"]
[Date "2016.06.04"]
[Round "1"]
[White "SurferRosa"]
[Black "hhex"]
[Result "1-0"]
[ICCResult "Black forfeits on time"]
[WhiteElo "2431"]
[BlackElo "1634"]
[Opening "QGD Slav: Dutch variation"]
[ECO "D18"]
[NIC "SL.04"]
[Time "14:01:56"]
[TimeControl "180+0"]

1. d4 d5 2. c4 c6 3. Nf3 Nf6 4. Nc3 dxc4 5. a4 Bf5 6. e3 e6 7. Bxc4 Be7 8.
O-O O-O 9. Qe2 Bg6 10. e4 Nbd7 11. Bd3 Qc7 12. e5 Nd5 13. Nxd5 cxd5 14. Bxg6
hxg6 15. Be3 Rac8 16. Rfc1 Qb6 17. h4 Qb4 18. Ng5 Nb6 19. h5 Bxg5 20. Bxg5
gxh5 21. Qxh5 Qxd4 22. Re1 Qd3 23. Ra3 Qh7 24. Qg4 Qg6 25. Rh3 f5 26. exf6
gxf6 27. Rh6 Qxg5 28. Rg6+ Kf7 29. Rxg5 fxg5 30. Qxe6+ Kg7 31. Qe7+ Rf7 32.
Qxg5+ {Black forfeits on time} 1-0

[Event "ICCopen2016"]
[Site "Internet Chess Club"]
[Date "2016.06.04"]
[Round "1"]
[White "atilycsy"]
[Black "Parsifal"]
[Result "0-1"]
[ICCResult "White resigns"]
[WhiteElo "1593"]
[BlackElo "2353"]
[Opening "Queen's pawn game"]
[ECO "E10"]
[NIC "TD.06"]
[Time "14:03:19"]
[TimeControl "180+0"]

1. d4 Nf6 2. c4 e6 3. Nf3 c5 4. e3 d5 5. Nc3 Nc6 6. cxd5 exd5 7. dxc5 Bxc5
8. Be2 O-O 9. O-O Re8 10. b3 a6 11. Bb2 Qd6 12. Rc1 Ba7 13. Qd2 Bg4 14. Rfd1
Rad8 15. Nd4 Bb8 16. g3 Ne5 17. Bxg4 Nexg4 18. Nde2 Nxf2 19. Kxf2 Ng4+ 20.
Kg1 Nxe3 21. Re1 Ba7 22. Nd4 Nf5 23. Rxe8+ Rxe8 24. Ne2 h5 25. Kh1 Ne3 26.
Rc3 Ng4 27. Rf3 Qg6 28. Nf4 Qe4 29. Kg2 h4 30. Nde2 Ne3+ 31. Kg1 Nc4+ 32.
Qd4 Bxd4+ 33. Nxd4 Nxb2 {White resigns} 0-1

[Event "ICCopen2016"]
[Site "Internet Chess Club"]
[Date "2016.06.04"]
[Round "1"]
[White "Qualm"]
[Black "Fighterman"]
[Result "0-1"]
[ICCResult "White forfeits on time"]
[WhiteElo "1664"]
[BlackElo "2524"]
[Opening "Sicilian"]
[ECO "B50"]
[NIC "SI.01"]
[Time "14:02:29"]
[TimeControl "180+0"]

1. e4 c5 2. Nf3 d6 3. d3 Nc6 4. Nc3 g6 5. g3 Bg7 6. Bg2 Bg4 7. Ne2 Nf6 8. h3
Bxf3 9. Bxf3 O-O 10. c3 Nd7 11. O-O b5 12. a3 a5 13. Bg2 Rb8 14. Bd2 b4 15.
axb4 axb4 16. Ra6 Rb6 17. Qa4 Rxa6 18. Qxa6 Qc7 19. Ra1 Rb8 20. Qa2 bxc3 21.
bxc3 Nde5 22. Nc1 Qb6 23. f4 Nd7 24. Kh2 Qb2 25. Ne2 Qxa2 26. Rxa2 e6 27.
Kg1 Nb6 28. Kf2 Ra8 29. Rxa8+ Nxa8 30. Ke1 Nb6 31. Kd1 c4 32. d4 d5 33. exd5
exd5 34. f5 Bf6 35. Nf4 Ne7 {White forfeits on time} 0-1

[Event "ICCopen2016"]
[Site "Internet Chess Club"]
[Date "2016.06.04"]
[Round "1"]
[White "toktok"]
[Black "abroz"]
[Result "0-1"]
[ICCResult "White forfeits on time"]
[WhiteElo "1713"]
[BlackElo "2547"]
[Opening "Robatsch (modern) defense"]
[ECO "B06"]
[NIC "KF.05"]
[Time "14:02:57"]
[TimeControl "180+0"]

1. e4 g6 2. d4 Bg7 3. Nc3 d6 4. Bc4 Nf6 5. Qe2 O-O 6. e5 Ne8 7. e6 Bxe6 8.
Bxe6 fxe6 9. Qxe6+ Kh8 10. Nf3 Qd7 11. Ng5 Bxd4 12. Nf7+ Kg7 13. Bh6+ Kg8
14. Qxd7 Nxd7 15. Bxf8 Kxf7 16. Bh6 Bxc3+ 17. bxc3 Nef6 18. f3 Nd5 19. Bd2
Ne5 20. Rb1 b6 21. Ke2 Rf8 22. Rhd1 Ke6 23. Bh6 Rf5 24. Bd2 c6 25. Rb3 Nc4
26. g4 Rf7 27. Rf1 b5 28. Rbb1 Rf8 29. h4 Rb8 30. h5 Rb6 31. hxg6 hxg6 32.
Rh1 Ra6 33. Rh6 Kf6 34. Rh8 Rxa2 35. Rc1 a5 36. Rc8 Ne5 37. g5+ Ke6 38. f4
Kd7 39. Rg8 Nc4 40. Rxg6 Nxd2 41. Kxd2 Nxf4 42. Rg7 Ra4 43. g6 Re4 44. Rg1
Re2+ 45. Kd1 Re5 46. Rg8 Rd5+ 47. Kc1 Ne2+ 48. Kb2 Nxg1 49. g7 Rg5 50. Kb3
c5 51. Kb2 a4 52. Ka3 Ne2 {White forfeits on time} 0-1

[Event "ICCopen2016"]
[Site "Internet Chess Club"]
[Date "2016.06.04"]
[Round "1"]
[White "pagoda"]
[Black "Platyborg"]
[Result "0-1"]
[ICCResult "White resigns"]
[WhiteElo "1879"]
[BlackElo "2935"]
[Opening "Caro-Kann: two knights variation"]
[ECO "B11"]
[NIC "VO.15"]
[Time "14:04:09"]
[TimeControl "180+0"]

1. Nc3 c6 2. e4 d5 3. Nf3 Nf6 4. e5 Ne4 5. d4 Nxc3 6. bxc3 Bf5 7. Bd3 Bxd3
8. cxd3 e6 9. O-O Nd7 10. Rb1 b5 11. Qe2 Be7 12. c4 a6 13. Bf4 Qa5 14. Rfc1
O-O 15. h4 Rab8 16. Bg5 Bxg5 17. hxg5 bxc4 18. dxc4 Nb6 19. c5 Nc4 20. g3
Qa3 21. Kg2 Rb5 22. Rxb5 axb5 23. Rh1 Ra8 24. Nh4 Qxa2 25. Qh5 Qc2 26. g6
Qe4+ 27. f3 Qc2+ 28. Kh3 hxg6 29. Qg4 b4 30. f4 b3 31. Nf3 Qf5 32. Qxf5 gxf5
33. Rb1 Rb8 34. Kg2 b2 35. Ne1 Na3 {White resigns} 0-1

[Event "ICCopen2016"]
[Site "Internet Chess Club"]
[Date "2016.06.04"]
[Round "1"]
[White "Danyuffa"]
[Black "BilodeauA"]
[Result "0-1"]
[ICCResult "White forfeits on time"]
[WhiteElo "1873"]
[BlackElo "2822"]
[Opening "Queen's gambit accepted"]
[ECO "D20"]
[NIC "QG.03"]
[Time "14:02:16"]
[TimeControl "180+0"]

1. d4 d5 2. c4 dxc4 3. e3 e5 4. Bxc4 Nc6 5. Nf3 e4 6. Nfd2 Qg5 7. Nxe4 Qxg2
8. Ng3 Nf6 9. Nc3 Bb4 10. Bf1 Qd5 11. Bd2 Qd8 12. Rg1 O-O 13. a3 Be7 14. Qc2
g6 15. Nf5 Bxf5 16. Qxf5 Qd6 17. Bc4 Qxh2 18. O-O-O Kh8 19. Qf3 Qh5 20. Qg2
Rad8 21. Rh1 Qg4 22. Qh2 h5 23. Rdg1 Qf5 24. Ba2 Ng4 25. Qxc7 Nxf2 26. Bb1
Qf3 27. Rh2 Bd6 28. Rxh5+ Qxh5 29. Qxb7 Na5 30. Qb5 Qxb5 31. Nxb5 Rc8+ 32.
Bc3 Bb8 33. d5+ Be5 34. Kd2 Bxc3+ 35. Nxc3 Kg7 36. Ke2 Nh3 37. Rg3 Rh8 38.
Bd3 Nc4 39. Nb5 Nxb2 40. Be4 Na4 41. d6 Rcd8 42. Bc6 Nc5 43. e4 Nf4+ 44. Kf3
Nfe6 45. Bd5 Rh5 46. Rg1 Ng5+ 47. Kf4 f6 48. Rc1 Rh4+ 49. Kg3 Rh3+ 50. Kg2
Nd3 51. Rc7+ Kh6 52. d7 Nf4+ 53. Kg1 Rg3+ 54. Kf2 Rg2+ 55. Ke3 Re2+ 56. Kd4
Nge6+ 57. Bxe6 Nxe6+ 58. Kd5 Nxc7+ 59. Kd6 Nxb5+ 60. Ke7 Rxd7+ 61. Kxd7 Rxe4
62. Kd8 Ra4 63. Kc8 Rxa3 64. Kb7 a6 65. Ka8 g5 66. Kb7 g4 67. Kb8 g3 68. Kb7
g2 69. Kb8 f5 {White forfeits on time} 0-1

[Event "ICCopen2016"]
[Site "Internet Chess Club"]
[Date "2016.06.04"]
[Round "1"]
[White "khekhm"]
[Black "TudoracheM"]
[Result "1-0"]
[ICCResult "Black checkmated"]
[WhiteElo "2551"]
[BlackElo "1716"]
[Opening "Sicilian: Pelikan, Chelyabinsk variation"]
[ECO "B33"]
[NIC "SI.37"]
[Time "14:02:24"]
[TimeControl "180+0"]

1. e4 c5 2. Nf3 Nc6 3. d4 cxd4 4. Nxd4 Nf6 5. Nc3 e5 6. Ndb5 d6 7. Bg5 a6 8.
Na3 b5 9. Nd5 Be7 10. Bxf6 Bxf6 11. c4 b4 12. Nc2 O-O 13. Qf3 a5 14. Rd1 Bg5
15. h4 Bh6 16. g4 Bf4 17. c5 Be6 18. cxd6 Bxd5 19. Rxd5 a4 20. Bc4 Qb6 21.
O-O Rad8 22. Rfd1 h6 23. Rb5 Qa7 24. Qd3 Qd7 25. f3 Rb8 26. Kg2 g6 27. Qd5
Kg7 28. Rxb8 Nxb8 29. Nxb4 f5 30. gxf5 gxf5 31. Nd3 Qd8 32. Nxf4 Qxh4 33.
Qxe5+ Kh7 34. Qe7+ Qxe7 35. dxe7 Rg8+ 36. Kf2 Nc6 37. Bxg8+ Kxg8 38. e8=Q+
Kg7 39. Rd7+ Kf6 40. Qf7+ Ke5 41. Qxf5# {Black checkmated} 1-0

[Event "ICCopen2016"]
[Site "Internet Chess Club"]
[Date "2016.06.04"]
[Round "1"]
[White "Badigo"]
[Black "xavielhumilde"]
[Result "1-0"]
[ICCResult "Black resigns"]
[WhiteElo "2209"]
[BlackElo "1554"]
[Opening "Sicilian: Smith-Morra gambit"]
[ECO "B21"]
[NIC "SI.47"]
[Time "14:03:15"]
[TimeControl "180+0"]

1. e4 c5 2. d4 cxd4 3. c3 Nf6 4. e5 Nd5 5. cxd4 e6 6. Nf3 d6 7. Bd3 Nd7 8.
O-O Qc7 9. Re1 Nb4 10. Nc3 Nxd3 11. Qxd3 dxe5 12. dxe5 Be7 13. Bf4 O-O 14.
Rad1 Rd8 15. Nd4 Nf8 16. Bg3 Bd7 17. Qe4 Rac8 18. h4 Bc5 19. h5 Bxd4 20.
Rxd4 Bc6 21. Qg4 Rxd4 22. Qxd4 b6 23. h6 g6 24. Qf4 Nd7 25. Bh4 b5 26. Nd1
Bd5 27. b3 Qc1 28. Qg3 Qd2 29. f3 Qxh6 30. Bg5 Qg7 31. Ne3 h6 32. Be7 Nb6
33. Ng4 Rc2 34. Bf6 Qh7 35. Qf4 g5 36. Qb4 a6 37. Qd6 Qd3 38. Qd8+ Kh7 39.
Qh8+ Kg6 40. Qxh6+ Kf5 41. Ne3+ Qxe3+ 42. Rxe3 Rc1+ 43. Kh2 {Black resigns}
1-0

[Event "ICCopen2016"]
[Site "Internet Chess Club"]
[Date "2016.06.04"]
[Round "1"]
[White "Dan83"]
[Black "drsigmund1"]
[Result "0-1"]
[ICCResult "White forfeits on time"]
[WhiteElo "1996"]
[BlackElo "1296"]
[Opening "French: Rubinstein variation"]
[ECO "C10"]
[NIC "FR.07"]
[Time "14:02:16"]
[TimeControl "180+0"]

1. e4 e6 2. d4 d5 3. Nc3 dxe4 4. Nxe4 Nd7 5. Nf3 Ngf6 6. Nxf6+ Nxf6 7. c3 c5
8. Ne5 cxd4 9. Qa4+ Bd7 10. Qxd4 Be7 11. Bg5 Rc8 12. O-O-O h6 13. Bxf6 Bxf6
14. Qxd7+ Qxd7 15. Nxd7 Bg5+ 16. Kc2 Rd8 17. Ne5 O-O 18. g3 Rxd1 19. Kxd1
Rd8+ 20. Nd3 e5 21. Kc2 e4 22. Nf4 f5 23. Bc4+ Kh8 24. Ne6 Rd2+ 25. Kb3 Be7
26. Rf1 a5 27. a4 Rd6 28. Nd4 Bf6 29. Nxf5 Rb6+ 30. Kc2 Rc6 31. Bd5 Rc5 32.
Bxe4 b5 33. axb5 Rxb5 34. Rd1 a4 35. Rd7 a3 36. bxa3 Rc5 37. Nd6 Rxc3+
{White forfeits on time}
0-1

[Event "ICCopen2016"]
[Site "Internet Chess Club"]
[Date "2016.06.04"]
[Round "1"]
[White "muhit"]
[Black "Imperator15"]
[Result "0-1"]
[ICCResult "White forfeits on time"]
[WhiteElo "1839"]
[BlackElo "2852"]
[Opening "King's Indian: orthodox variation"]
[ECO "E94"]
[NIC "KI.15"]
[Time "14:02:42"]
[TimeControl "180+0"]

1. d4 Nf6 2. c4 g6 3. Nc3 Bg7 4. e4 d6 5. Nf3 O-O 6. Be2 e5 7. O-O Na6 8.
Be3 Ng4 9. Bg5 Qe8 10. d5 f6 11. Bd2 f5 12. Ng5 Nf6 13. f3 h6 14. Nh3 fxe4
15. fxe4 Bxh3 16. gxh3 Nc5 17. Bf3 a5 18. Qe2 Qe7 19. Kh1 Nh7 20. Rg1 Ng5
21. Bg4 Rf4 22. Bxf4 exf4 23. Rae1 Rf8 24. h4 f3 25. Qf2 Nd3 26. Qe3 Nxe1
27. Rxe1 f2 28. Rf1 Nf7 29. Be6 Kh7 30. Rxf2 Ne5 31. h5 gxh5 32. Bf5+ Kh8
33. Rg2 Nxc4 34. Qe2 b5 35. Qxh5 Ne3 36. Qg6 Nxf5 37. exf5 Qf6 38. Qg4 Rf7
39. Ne4 Qxf5 40. Qxf5 Rxf5 41. Ng3 Rxd5 {White forfeits on time} 0-1

[Event "ICCopen2016"]
[Site "Internet Chess Club"]
[Date "2016.06.04"]
[Round "1"]
[White "goran-esyu"]
[Black "ROWLAND"]
[Result "1-0"]
[ICCResult "Black checkmated"]
[WhiteElo "2281"]
[BlackElo "1566"]
[Opening "Philidor: exchange variation"]
[ECO "C41"]
[NIC "KP.08"]
[Time "14:03:11"]
[TimeControl "180+0"]

1. e4 e5 2. Nf3 d6 3. d4 exd4 4. Nxd4 Nf6 5. Nc3 Be7 6. Bc4 O-O 7. O-O Nxe4
8. Nxe4 d5 9. Bd3 dxe4 10. Bxe4 Re8 11. Re1 Bf6 12. c3 Nd7 13. Nf5 Ne5 14.
Qxd8 Rxd8 15. Be3 Bxf5 16. Bxf5 Nd3 17. Re2 Ne5 18. Bd4 Rd5 19. Be4 Rd7 20.
Bxb7 Re8 21. Rae1 Rde7 22. Ba6 Nc6 23. Rxe7 Rxe7 24. Rxe7 Nxe7 25. Bxa7 Nd5
26. Bc4 Nb6 27. Bb3 Kf8 28. a4 Ke7 29. a5 Nc8 30. Bc5+ Kd7 31. a6 Kc6 32. a7
Nxa7 33. Bxa7 Kd6 34. Bd4 Bxd4 35. cxd4 f6 36. f4 c5 37. d5 h6 38. Kf2 g5
39. g3 f5 40. h4 gxh4 41. gxh4 Kd7 42. Bc4 Kc7 43. Ke3 Kd6 44. Kd3 Kc7 45.
Kc3 Kb6 46. Kb3 Ka5 47. d6 Kb6 48. d7 Kc7 49. Be6 Kd8 50. Kc4 Ke7 51. Bxf5
Kd8 52. Kxc5 Kc7 53. h5 Kd8 54. Kc6 Ke7 55. Kc7 Kf6 56. Bg4 Ke7 57. d8=Q+
Kf7 58. Kd6 Kg7 59. Ke6 Kh7 60. Bf5+ Kg7 61. Qe7+ Kg8 62. Qh7+ Kf8 63. Qf7#
{Black checkmated}
1-0

[Event "ICCopen2016"]
[Site "Internet Chess Club"]
[Date "2016.06.04"]
[Round "1"]
[White "gannikus1992"]
[Black "waynehatcher"]
[Result "1-0"]
[ICCResult "Black forfeits on time"]
[WhiteElo "2225"]
[BlackElo "1561"]
[Opening "Pirc: Austrian attack, 6.Bd3"]
[ECO "B09"]
[NIC "PU.02"]
[Time "14:02:14"]
[TimeControl "180+0"]

1. e4 d6 2. d4 Nf6 3. Nc3 g6 4. f4 Bg7 5. Nf3 O-O 6. Bd3 Nc6 7. d5 Nb4 8.
O-O Nxd3 9. cxd3 c6 10. dxc6 bxc6 11. d4 Qc7 12. h3 Bb7 13. Be3 Rfe8 14. Rc1
Rac8 15. d5 Qb8 16. dxc6 Bxc6 17. e5 Ne4 18. Bd4 d5 19. b3 e6 20. Rc2 Nxc3
21. Rxc3 Bb5 22. Rf2 Rxc3 23. Bxc3 Rc8 24. Bd4 Bf8 25. Rc2 a6 26. Kf2 Qb7
27. Qc1 Rxc2+ 28. Qxc2 Qc6 29. Qxc6 Bxc6 30. Ke3 Be7 31. g4 Kf8 32. g5 Kg7
33. Bb6 h6 34. h4 hxg5 35. hxg5 Kf8 36. Nd4 Bb7 37. Kd3 Ke8 38. Kc3 Kd7 39.
a4 Bd8 40. Bxd8 Kxd8 41. Kb4 Kc7 42. Kc5 Bc8 43. b4 Bd7 44. b5 axb5 45. axb5
Bc8 46. b6+ Kd7 47. Nb3 Bb7 48. Na5 Ba6 49. Nc6 Bb7 50. Na5 Ba6 51. Nb3 Bb7
52. Nd2 Ba6 53. Nf3 Bb7 54. Nh2 Ba6 55. Ng4 Bb7 56. Kb5 Ke7 57. Ne3 Kd7 58.
Nc2 Kc8 59. Nd4 Kd7 60. Nb3 Kc8 61. Nc5 Kb8 62. Nb3 Kc8 63. Kc5 Kd7 64. Na5
Ba6 65. b7 Kc7 66. Nc6 Bxb7 67. Nd4 Kd7 68. Kb6 Bc8 69. Nb3 Kd8 70. Kc6 Bd7+
71. Kd6 Ke8 72. Nc5 Bb5 73. Nb3 d4 74. Nxd4 Bc4 75. Nc6 Bd5 76. Ne7
{Black forfeits on time}
1-0

[Event "ICCopen2016"]
[Site "Internet Chess Club"]
[Date "2016.06.04"]
[Round "1"]
[White "pasha"]
[Black "Pschaak"]
[Result "0-1"]
[ICCResult "White forfeits on time"]
[WhiteElo "2517"]
[BlackElo "1749"]
[Opening "Caro-Kann: advance variation"]
[ECO "B12"]
[NIC "CK.04"]
[Time "14:02:07"]
[TimeControl "180+0"]

1. e4 c6 2. d4 d5 3. e5 Bf5 4. Nf3 e6 5. Be2 Nd7 6. O-O Ne7 7. Be3 h6 8. c4
Bxb1 9. Rxb1 dxc4 10. Bxc4 Nb6 11. Bd3 Ned5 12. a4 a5 13. Be4 Be7 14. Nd2
O-O 15. Bc2 Nxe3 16. fxe3 Bg5 17. Qf3 c5 18. Qe4 g6 19. Nf3 cxd4 20. exd4
Qd5 21. Qd3 Qc4 22. Qxc4 Nxc4 23. Be4 Nd2 24. Nxd2 Bxd2 25. Bxb7 Rab8 26.
Be4 Be3+ 27. Kh1 Bxd4 28. b3 Bxe5 29. Bc6 Rfc8 30. Bb5 Rc2 31. Bc4 Rd8 32.
Rbd1 Rdd2 33. Rxd2 Rxd2 34. g3 Bc3 35. Rf3 Bb4 36. h4 Kg7 37. Rf1 h5 38. Rf3
Bd6 39. Rf1 Bxg3 40. Rc1 Bxh4 41. Kg1 Bg5 42. Rb1 Rd4 43. Kf1 Rf4+ 44. Ke2
Rf5 45. Kd3 Re5 46. Kc2 Bf6 47. b4 Re4 48. Bd3 Rxb4 49. Rxb4 axb4
{White forfeits on time}
0-1